 Dungeon Crawl Stone Soup version 0.31.0-12-g77e489cdc1 (webtiles) character file.

Game seed: 11118951196996533507

63 booth the Grave Robber (level 3, -9/24 HPs)
             Began as a Demonspawn Necromancer on Feb 11, 2024.
             Mangled by Crazy Yiuf
             ... wielding a +3 quarterstaff of chaos
              (10 damage)
             ... on level 2 of the Dungeon.
             The game lasted 00:14:10 (1595 turns).

booth the Grave Robber (Demonspawn Necromancer)     Turns: 1595, Time: 00:14:11

Health: -9/24      AC:  6    Str: 10    XL:     3   Next: 89%
Magic:  0/7        EV: 10    Int: 21    God:
Gold:   74         SH:  4    Dex: 13    Spells: 3/7 levels left

rFire   . . .        k - +0 dagger
rCold   . . .        (no shield)
rNeg    . . .        h - +0 ring mail
rPois   .            (no helmet)
rElec   .            (no cloak)
rCorr   .            (no gloves)
SInv    .            f - +0 pair of boots
Will    .....        g - amulet of guardian spirit
Stlth   +            j - +6 ring of intelligence
HPRegen 0.24/turn    (no ring)
MPRegen 0.10/turn

%: guardian spirit
@: attractive
A: large bone plates 1
a: no special abilities


You were on level 2 of the Dungeon.
You visited 1 branch of the dungeon, and saw 2 of its levels.

You collected 74 gold pieces.

Inventory:

Hand Weapons
 c - a +0 mace
 k - a +0 dagger (weapon)
Armour
 f - a +0 pair of boots (worn)
 h - a +0 ring mail (worn)
Jewellery
 g - an amulet of guardian spirit (around neck)
 j - a +6 ring of intelligence (left hand)
 n - a ring of fire
Scrolls
 d - a scroll of vulnerability
 m - a scroll of teleportation {unknown}
 o - a scroll of enchant armour {unknown}
Potions
 a - a potion of brilliance
 b - a potion of magic
 e - a potion of haste
 i - a potion of curing {unknown}
 l - a potion of attraction


   Skills:
 - Level 1.7 Dodging
 + Level 2.1 Stealth
 + Level 2.7 Spellcasting
 * Level 5.4 Necromancy


You had 3 spell levels left.
You knew the following spells:

 Your Spells              Type           Power      Damage    Failure   Level
a - Necrotise             Necr           100%       1d9       3%          1
b - Vampiric Draining     Necr           25%        2d7       12%         3

Your spell library contained the following spells:

 Spells                   Type           Power      Damage    Failure   Level
 Sting                    Conj/Alch      8%         1d3       34%         1
 Mercury Vapours          Alch/Air       4%         N/A       47%         2
 Animate Dead             Necr           25%        N/A       36%         4
 Curse of Agony           Necr           25%        N/A       71%         5
 Olgreb's Toxic Radiance  Alch           2%         N/A       98%         4


Dungeon Overview and Level Annotations

Branches:
Dungeon (2/15)

Altars:

Annotations:
D:2 Crazy Yiuf


Innate Abilities, Weirdness & Mutations

You are partially covered in large bone plates. (SH +4)


Message History

There is an open door here.
You open the door.
There is an open door here.
You open the door.
There is an open door here.
There is an open door here.
There is an open door here.
There is an open door here.
There is an open door here.
Crazy Yiuf laughs, "Paint!
Rot down testudinal."
Okay, then.
You open the door.
Casting: Necrotise (safe; 3% risk of failure)
Confirm with . or Enter, or press ? or * to list all spells.
Aiming: Vampiric Draining (quite dangerous; 12% risk of failure)
Press: ? - help, Shift-Dir - straight line, f - Crazy Yiuf
Aim: Crazy Yiuf, wielding a +3 quarterstaff of chaos and wearing a +0 cloak You draw life force from Crazy Yiuf!
Crazy Yiuf cries, "Sif Muna!"
Crazy Yiuf hits you with a +3 quarterstaff of chaos.
You barely miss Crazy Yiuf.
Crazy Yiuf is heavily wounded.
Crazy Yiuf hits you with a +3 quarterstaff of chaos.
You are electrocuted!!
Ouch! That really hurt!
* * * LOW HITPOINT WARNING * * *
Casting: Vampiric Draining (quite dangerous; 12% risk of failure)
Confirm with . or Enter, or press ? or * to list all spells.
You don't have enough magic to cast this spell.
Unknown command.
It was a potion of attraction.
You feel attractive to monsters. Crazy Yiuf barely misses you.
Casting: Vampiric Draining (quite dangerous; 12% risk of failure)
Confirm with . or Enter, or press ? or * to list all spells.
Okay, then.
You hit Crazy Yiuf but do no damage.
Crazy Yiuf is heavily wounded.
Crazy Yiuf hits you with a +3 quarterstaff of chaos!
You die...

####.#.#....##...#.#
.....#.#....##...#.###
######.#....######...#
#####.###### #####
###### #...#..# #....#
##...########## ####.#
............#.### ###
####.#
##...#.......#..##...#
#.##.#
#####.....P####@g...#
#....# ##....##
###..)# ###..## ######
### #..#..# #..#..###
#..#....# #####.##.##
#.# #.##... #########
#.# #.##### #.......#
##'###....##


You could see Crazy Yiuf.

Vanquished Creatures
  2 adders (D:2)
  A ribbon worm (D:2)
  5 ball pythons
  3 bats
  An endoplasm (D:1)
  4 giant cockroaches
  2 goblins (D:1)
  3 hobgoblins (D:1)
  4 jackals (D:2)
  A quokka (D:2)
  3 frilled lizards (D:2)
  2 kobolds (D:1)
  A rat (D:2)
32 creatures vanquished.

Vanquished Creatures (collateral kills)
  A dart slug (D:1)
  A bat (D:1)
  3 endoplasms
5 creatures vanquished.

Grand Total: 37 creatures vanquished

Notes
Turn   | Place    | Note
-------+----------+-------------------------------------------
     0 | D:1      | booth the Demonspawn Necromancer began the quest for the
                  | Orb.
     0 | D:1      | Reached XP level 1. HP: 13/13 MP: 3/3
   201 | D:1      | Gained mutation: You are partially covered in large bone
                  | plates. (SH +4) [demonic ancestry]
   201 | D:1      | Reached XP level 2. HP: 18/19 MP: 3/5
   385 | D:1      | Reached skill level 5 in Necromancy
   760 | D:2      | Reached XP level 3. HP: 21/24 MP: 1/6
  1279 | D:2      | Learned a level 3 spell: Vampiric Draining
  1445 | D:2      | Found a runed translucent door.
  1446 | D:2      | Noticed Crazy Yiuf
  1593 | D:2      | HP: 1/24 [Crazy Yiuf/+3 quarterstaff of chaos (15)]
  1595 | D:2      | Mangled by Crazy Yiuf

Illustrated notes

Levels and vault maps discovered:
D:1:      psy_arrival_basics, layout_basic, fountainhead, minmay_liquid_box
D:2:      layout_basic, uniq_crazy_yiuf_cottage

Skill      XL: |  1  2  3 |
---------------+----------+-----
Necromancy     | 5 |  5.4
Stealth        | 2 |  2.1
Dodging        | |  1.7
Spellcasting   | |  2.7

Action                     || total
---------------------------++-------
  Melee: Unarmed           ||    22
         Dagger            ||    21
   Cast: Necrotise         ||    43
         Vampiric Draining ||     1
    Use: Scroll            ||     3
         Potion            ||     1
 Armour: Ring mail         ||    33
         Robe              ||     1
  Dodge: Dodged            ||    33
  Block: Other             ||     4
